 Dungeon Crawl Stone Soup version 0.30-a0-305-g026cb31310 (webtiles) character file.

Game seed: 5088709263263611963

5447 sanka the Destroyer (level 10, -3/77 HPs)
             Began as a Gnoll Conjurer on Oct 21, 2022.
             Was a Believer of Ashenzari.
             Slain by Erica
             ... wielding a +1 scimitar of flaming
              (4 damage)
             ... on level 8 of the Dungeon.
             The game lasted 00:20:50 (10418 turns).

sanka the Destroyer (Gnoll Conjurer)               Turns: 10418, Time: 00:20:51

Health: -3/77      AC:  4    Str:  7    XL:     10   Next: 68%
Magic:  8/23       EV: 14    Int: 22    God:    Ashenzari [**....]
Gold:   424        SH:  0    Dex: 10    Spells: 10/27 levels left

rFire   . . .      SeeInvis +    O - +4 great sword
rCold   . . .      Faith    .    (shield currently unavailable)
rNeg    . . .      Spirit   .    a - +0 robe of Curses and Power {Bglg, Range} (curse)
rPois   .          Reflect  .    t - +1 hat "Yoke of the Astral Seer" {Evo, Fort} (curse)
rElec   .          Harm     .    q - +0 cloak
rCorr   .          Rampage  .    (no gloves)
Will    .....                    (no boots)
Stlth   +++.......               n - amulet of magic regeneration
HPRegen 0.32/turn                (no ring)
MPRegen 0.58/turn                p - ring of Ashenzari's Sun {SInv, Alch, Self} (curse)

@: no status effects
A: fangs 1, strong nose, distributed training
a: Renounce Religion, Curse Item, Shatter the Chains


You were on level 8 of the Dungeon.
You worshipped Ashenzari.
Ashenzari was pleased with you.
You visited 2 branches of the dungeon, and saw 9 of its levels.
You also visited: Sewer and Ossuary.

You collected 424 gold pieces.


Innate Abilities, Weirdness & Mutations

You have very sharp teeth.
Your uncanny sense of smell can sniff out nearby items.
Your experience applies equally to all skills.


   Skills:
 + Level 5.7(6.9) Fighting
 + Level 5.7 Short Blades
 + Level 5.7 Long Blades
 + Level 5.7 Axes
 + Level 5.7 Maces & Flails
 + Level 5.7 Polearms
 + Level 5.7 Staves
 + Level 5.7(6.9) Ranged Weapons
 + Level 5.7(6.9) Throwing
 + Level 5.7(6.9) Armour
 + Level 7.4 Dodging
 + Level 7.2 Stealth
 + Level 5.7(6.9) Shields
 + Level 5.7 Unarmed Combat
 + Level 7.7(9.0) Spellcasting
 + Level 8.6(9.9) Conjurations
 + Level 4.7(5.9) Hexes
 + Level 4.7 Summonings
 + Level 4.7 Necromancy
 + Level 4.7(5.9) Translocations
 + Level 4.7(5.9) Transmutations
 + Level 4.7 Fire Magic
 + Level 4.7 Ice Magic
 + Level 4.7 Air Magic
 + Level 4.7 Earth Magic
 + Level 4.7(5.9) Poison Magic
 + Level 6.3 Invocations
 + Level 5.7(6.9) Evocations


You had 10 spell levels left.
You knew the following spells:

 Your Spells              Type           Power      Damage    Failure   Level
c - Stone Arrow           Conj/Erth      84%        3d12      1%          3
x - Searing Ray           Conj           100%       2d8       1%          2
z - Magic Dart            Conj           100%       1d8       1%          1
N - Passwall              Tmut/Erth      27%        N/A       1%          2
X - Freezing Cloud        Conj/Ice/Air   19%        6-21      13%         5
Z - Fulminant Prism       Conj/Hex       22%        3d13      2%          4

Your spell library contained the following spells:

 Spells                   Type           Power      Damage    Failure   Level
 Beastly Appendage        Tmut           72%        N/A       1%          1
 Sandblast                Erth           60%        2d14      1%          1
 Wereblood                Tmut           36%        N/A       1%          2
 Dazzling Flash           Conj/Hex       88%        N/A       1%          3
 Ignite Poison            Fire/Tmut/Pois 34%        N/A       1%          3
 Portal Projectile        Hex/Tloc       72%        N/A       1%          3
 Spider Form              Tmut/Pois      36%        N/A       1%          3
 Call Canine Familiar     Summ           30%        N/A       2%          3
 Kindle Blastsparks       Fire/Tloc/Air  64%        2d15      2%          3
 Iskenderun's Mystic Bla  Conj/Tloc      44%        2d10      2%          4
 Leda's Liquefaction      Hex/Erth       16%        N/A       8%          4
 Animate Armour           Summ/Erth      60%        N/A       10%         4
 Blade Hands              Tmut           18%        N/A       16%         5
 Iron Shot                Conj/Erth      21%        9d5       45%         6

Inventory:

Hand Weapons
 r - a +3 quarterstaff of chaos
 s - a +1 dagger of venom
 G - a +0 great sword of distortion
 K - a +3 halberd
 O - a +4 great sword (weapon)
Missiles
 z - a throwing net {=f}
 P - a curare-tipped dart {=f}
Armour
 a - the cursed +0 robe of Curses and Power (worn) {Bglg, Range}

   It has a curse which improves the following skills: Beguiling: Conjurations,
   Hexes and Translocations.
   Ranged Combat: Ranged Weapons and Throwing.
 q - a +0 cloak (worn)
 t - the cursed +1 hat "Yoke of the Astral Seer" (worn) {Evo, Fort}

   It has a curse which improves the following skills: Evocations: Evocations.
   Fortitude: Armour and Shields.
Magical Staves
 D - a staff of cold
Jewellery
 n - an amulet of magic regeneration (around neck)
 p - the cursed ring of Ashenzari's Sun (right hand) {SInv, Alch, Self}

   [ring of see invisible]

   SInv:      It lets you see invisible.
   It has a curse which improves the following skills: Alchemy: Poison Magic and
   Transmutations.
   Introspection: Fighting and Spellcasting.
Wands
 A - a wand of flame (12)
 E - a wand of mindburst (4)
 N - a wand of polymorph (11)
 Q - a wand of roots (11)
Scrolls
 c - 2 scrolls of enchant weapon
 e - 2 scrolls of amnesia
 f - 3 scrolls of brand weapon
 g - 3 scrolls of vulnerability {!r}
 i - a scroll of poison {!r}
 k - 4 scrolls of enchant armour
 l - 7 scrolls of teleportation {@r4}
 o - 2 scrolls of noise {!r}
 v - 7 scrolls of identify {@r1}
 x - 2 scrolls of fear
 y - 4 scrolls of magic mapping
 C - a scroll of immolation {!r}
 F - a scroll of blinking
 M - a scroll of torment {!r}
Potions
 b - a potion of magic
 d - 3 potions of curing {@q1}
 h - 4 potions of heal wounds {@q2}
 j - a potion of lignification {!q}
 m - 4 potions of attraction {!q}
 u - 3 potions of invisibility
 w - a potion of flight
 B - a potion of ambrosia
 H - a potion of brilliance
 I - a potion of might
 J - 2 potions of haste {@q3}
 L - a potion of berserk rage {!q}

Dungeon Overview and Level Annotations

Branches:
Dungeon (8/15)             Temple (1/1) D:5            Lair (0/5) D:8
  Sewer (visited)         Ossuary (visited)

Altars:
Ashenzari
Cheibriados
Dithmenos
Fedhas
Gozag
Hepliaklqana
Kikubaaqudgha
Makhleb
Nemelex Xobeh
Okawaru
Qazlal
Ru
Sif Muna
Trog
Uskayaw
Vehumet
Wu Jian
Yredelemnul

Shops:
D:8 [

Annotations:
D:8 Erica

▒.▒.▒ ░ ▒.▒.▒ .▒
▒.▒.▒ .▒ ▒.▒.▒ .▒
▒.▒.▒ .▒ ▒.▒.▒ ░.▒
▒▒▒▒▒▒▒.▒.▒ ░.▒
..........▒▒▒▒▒▒▒@▒
▒▒▒▒▒▒▒.........g.▒
▒▒▒▒▒▒▒▒▒▒▒▒▒


You could see Erica.


Message History

The stone arrow hits Erica!
Erica is moderately wounded.
The stone arrow hits Erica!!
Erica is heavily wounded.
Erica drinks a potion.
Erica is healed!
The stone arrow hits Erica!
Erica is heavily wounded.
Erica points at you and mumbles some strange words.
The lance of force hits you!!
You are knocked back by the lance of force.
You slam into the rock wall!
* * * LOW HITPOINT WARNING * * *
The stone arrow misses Erica.
Erica hits you with a +1 scimitar of flaming!
* * * LOW HITPOINT WARNING * * *
Erica burns you.
* * * LOW HITPOINT WARNING * * *
The stone arrow hits Erica!
Erica is severely wounded.
Erica hits you with a +1 scimitar of flaming!
* * * LOW HITPOINT WARNING * * *
Erica burns you.
* * * LOW HITPOINT WARNING * * *
The stone arrow misses Erica.
Erica screams, "I'll never tell where it is!"
Erica hits you with a +1 scimitar of flaming!
* * * LOW HITPOINT WARNING * * *
Erica burns you.
You die...

Action                   |  1- 3 |  4- 6 |  7- 9 | 10-12 || total
-------------------------+-------+-------+-------+-------++-------
Melee: Quarterstaff      |       |     1 |    55 |       ||    56
       Halberd           |       |     1 |    71 |     1 ||    73
       Bite              |       |       |     9 |       ||     9
       Great sword       |       |       |       |     1 ||     1
 Cast: Magic Dart        |    47 |   112 |   114 |     9 ||   282
       Searing Ray       |     4 |    15 |     1 |       ||    20
       Stone Arrow       |       |     4 |   125 |    74 ||   203
       Fulminant Prism   |       |       |     3 |       ||     3
Invok: Curse Item        |       |       |     2 |     1 ||     3
 Stab: Sleeping          |       |     1 |    19 |       ||    20
       Distracted        |       |       |     1 |       ||     1
Armor: Robe              |       |       |    37 |       ||    37
Dodge: Dodged            |     5 |     7 |    87 |    14 ||   113

Levels and vault maps discovered:
D:1:      shiori_arrival_maze, layout_basic, shapermc_ecumenical_altar_ellora,
          st_stairs_10
D:2:      layout_loops_ring, uniq_crazy_yiuf_cottage
D:3:      layout_basic
D:4:      layout_layer_cave, general_overflow_altar, old_standard_altar,
          uniq_menkaure, uniq_ijyb, uniq_blork_the_orc
D:5:      layout_basic, minmay_temple_entry_slanted, portal_sewer_entry_e
D:6:      layout_rooms, chequers_temple_overflow_statue_of_worship,
          serial_curves, eino_curves_04, eino_curves_01
D:7:      layout_loops_ring, mainiacjoe_overflow_chevrons,
          mainiacjoe_overflow_catch_the_wave, enter_ossuary_3,
          hangedman_abyss_or_decor_passed
D:8:      layout_basic, nicolae_overflow_crystal_walls,
          grunt_lair_entry_orc_guard_hut, serial_shops, nicolae_diamond_shop,
          gammafunk_ghost_grave, small_statue_intersection, lemuel_flame_loot_1,
          uniq_erica
Temple:   jpeg_temple_island

Notes
Turn   | Place    | Note
-------+----------+-------------------------------------------
     0 | D:1      | sanka the Gnoll Conjurer began the quest for the Orb.
     0 | D:1      | Reached XP level 1. HP: 13/13 MP: 6/6
   100 | D:1      | Found a faded altar of an unknown god.
   322 | D:1      | Reached XP level 2. HP: 19/19 MP: 4/7
   363 | D:1      | Learned a level 2 spell: Searing Ray
   866 | D:1      | Reached skill level 5 in Spellcasting
   866 | D:1      | Reached XP level 3. HP: 25/25 MP: 6/9
   978 | D:1      | Reached skill level 1 in Invocations
  1345 | D:2      | Reached skill level 1 in Fighting
  1345 | D:2      | Reached skill level 1 in Short Blades
  1345 | D:2      | Reached skill level 1 in Long Blades
  1345 | D:2      | Reached skill level 1 in Axes
  1345 | D:2      | Reached skill level 1 in Maces & Flails
  1345 | D:2      | Reached skill level 1 in Polearms
  1345 | D:2      | Reached skill level 1 in Staves
  1345 | D:2      | Reached skill level 1 in Ranged Weapons
  1345 | D:2      | Reached skill level 1 in Throwing
  1345 | D:2      | Reached skill level 1 in Armour
  1345 | D:2      | Reached skill level 1 in Shields
  1345 | D:2      | Reached skill level 1 in Unarmed Combat
  1345 | D:2      | Reached skill level 1 in Evocations
  1397 | D:2      | Reached XP level 4. HP: 32/32 MP: 6/11
  1399 | D:2      | Reached skill level 1 in Hexes
  1399 | D:2      | Reached skill level 1 in Summonings
  1399 | D:2      | Reached skill level 1 in Necromancy
  1399 | D:2      | Reached skill level 1 in Translocations
  1399 | D:2      | Reached skill level 1 in Transmutations
  1399 | D:2      | Reached skill level 1 in Fire Magic
  1399 | D:2      | Reached skill level 1 in Ice Magic
  1399 | D:2      | Reached skill level 1 in Air Magic
  1399 | D:2      | Reached skill level 1 in Earth Magic
  1399 | D:2      | Reached skill level 1 in Poison Magic
  1882 | D:2      | Reached XP level 5. HP: 37/37 MP: 9/12
  2153 | D:2      | Found a runed translucent door.
  2154 | D:2      | Noticed Crazy Yiuf
  2317 | D:2      | Killed Crazy Yiuf
  2573 | D:3      | Reached skill level 2 in Invocations
  2809 | D:3      | Reached XP level 6. HP: 43/44 MP: 10/14
  3005 | D:3      | Reached skill level 5 in Dodging
  3253 | D:4      | Reached skill level 2 in Fighting
  3253 | D:4      | Reached skill level 2 in Short Blades
  3253 | D:4      | Reached skill level 2 in Long Blades
  3253 | D:4      | Reached skill level 2 in Axes
  3253 | D:4      | Reached skill level 2 in Maces & Flails
  3253 | D:4      | Reached skill level 2 in Polearms
  3253 | D:4      | Reached skill level 2 in Staves
  3253 | D:4      | Reached skill level 2 in Ranged Weapons
  3253 | D:4      | Reached skill level 2 in Throwing
  3253 | D:4      | Reached skill level 2 in Armour
  3253 | D:4      | Reached skill level 2 in Shields
  3253 | D:4      | Reached skill level 2 in Unarmed Combat
  3253 | D:4      | Reached skill level 2 in Evocations
  3364 | D:4      | Learned a level 3 spell: Stone Arrow
  3367 | D:4      | Learned a level 2 spell: Passwall
  3601 | D:4      | Found a hazy altar of Hepliaklqana.
  3677 | D:4      | Reached XP level 7. HP: 51/51 MP: 7/15
  3752 | D:4      | Noticed Ijyb
  3757 | D:4      | Killed Ijyb
  3758 | D:4      | Reached skill level 2 in Hexes
  3758 | D:4      | Reached skill level 2 in Summonings
  3758 | D:4      | Reached skill level 2 in Necromancy
  3758 | D:4      | Reached skill level 2 in Translocations
  3758 | D:4      | Reached skill level 2 in Transmutations
  3758 | D:4      | Reached skill level 2 in Fire Magic
  3758 | D:4      | Reached skill level 2 in Ice Magic
  3758 | D:4      | Reached skill level 2 in Air Magic
  3758 | D:4      | Reached skill level 2 in Earth Magic
  3758 | D:4      | Reached skill level 2 in Poison Magic
  4001 | D:4      | Noticed Menkaure
  4012 | D:4      | Killed Menkaure
  4013 | D:4      | Reached skill level 5 in Stealth
  4162 | D:4      | Reached skill level 3 in Invocations
  4341 | D:4      | Noticed Blork the orc
  4343 | D:4      | Killed Blork the orc
  4366 | D:4      | Found a shadowy altar of Dithmenos.
  4806 | D:5      | Entered Level 5 of the Dungeon
  4828 | D:5      | Found a staircase to the Ecumenical Temple.
  4839 | Temple   | Entered the Ecumenical Temple
  4858 | Temple   | Became a worshipper of Ashenzari the Shackled
  4970 | D:5      | Found a glowing drain.
  5010 | Sewer    | Entered a sewer
  5026 | Sewer    | Reached skill level 3 in Fighting
  5026 | Sewer    | Reached skill level 3 in Short Blades
  5026 | Sewer    | Reached skill level 3 in Long Blades
  5026 | Sewer    | Reached skill level 3 in Axes
  5026 | Sewer    | Reached skill level 3 in Maces & Flails
  5026 | Sewer    | Reached skill level 3 in Polearms
  5026 | Sewer    | Reached skill level 3 in Staves
  5026 | Sewer    | Reached skill level 3 in Ranged Weapons
  5026 | Sewer    | Reached skill level 3 in Throwing
  5026 | Sewer    | Reached skill level 3 in Armour
  5026 | Sewer    | Reached skill level 3 in Shields
  5026 | Sewer    | Reached skill level 3 in Unarmed Combat
  5026 | Sewer    | Reached skill level 3 in Evocations
  5026 | Sewer    | Reached XP level 8. HP: 58/58 MP: 13/16
  5326 | Sewer    | Reached skill level 6 in Spellcasting
  6150 | D:5      | Reached skill level 3 in Hexes
  6150 | D:5      | Reached skill level 3 in Summonings
  6150 | D:5      | Reached skill level 3 in Necromancy
  6150 | D:5      | Reached skill level 3 in Translocations
  6150 | D:5      | Reached skill level 3 in Transmutations
  6150 | D:5      | Reached skill level 3 in Fire Magic
  6150 | D:5      | Reached skill level 3 in Ice Magic
  6150 | D:5      | Reached skill level 3 in Air Magic
  6150 | D:5      | Reached skill level 3 in Earth Magic
  6150 | D:5      | Reached skill level 3 in Poison Magic
  6150 | D:5      | Reached skill level 4 in Invocations
  6279 | D:5      | Reached skill level 6 in Dodging
  6536 | D:6      | Found an iron altar of Okawaru.
  6538 | D:6      | Found a bloodstained altar of Trog.
  6539 | D:6      | Found an opulent altar of Gozag.
  6637 | D:6      | Reached XP level 9. HP: 65/65 MP: 15/19
  6658 | D:6      | Reached skill level 4 in Fighting
  6658 | D:6      | Reached skill level 4 in Short Blades
  6658 | D:6      | Reached skill level 4 in Long Blades
  6658 | D:6      | Reached skill level 4 in Axes
  6658 | D:6      | Reached skill level 4 in Maces & Flails
  6658 | D:6      | Reached skill level 4 in Polearms
  6658 | D:6      | Reached skill level 4 in Staves
  6658 | D:6      | Reached skill level 4 in Ranged Weapons
  6658 | D:6      | Reached skill level 4 in Throwing
  6658 | D:6      | Reached skill level 4 in Armour
  6658 | D:6      | Reached skill level 4 in Shields
  6658 | D:6      | Reached skill level 4 in Unarmed Combat
  6658 | D:6      | Reached skill level 4 in Evocations
  6805 | D:6      | Reached skill level 6 in Stealth
  6805 | D:6      | Reached skill level 8 in Conjurations
  7012 | D:6      | Reached * piety under Ashenzari
  7441 | D:7      | Found a sand-covered staircase.
  7463 | Ossuary  | Entered an ossuary
  7650 | Ossuary  | Reached skill level 5 in Invocations
  8214 | D:7      | Reached skill level 7 in Spellcasting
  8273 | D:7      | Learned a level 4 spell: Fulminant Prism
  8339 | D:7      | Reached skill level 4 in Hexes
  8339 | D:7      | Reached skill level 4 in Summonings
  8339 | D:7      | Reached skill level 4 in Necromancy
  8339 | D:7      | Reached skill level 4 in Translocations
  8339 | D:7      | Reached skill level 4 in Transmutations
  8339 | D:7      | Reached skill level 4 in Fire Magic
  8339 | D:7      | Reached skill level 4 in Ice Magic
  8339 | D:7      | Reached skill level 4 in Air Magic
  8339 | D:7      | Reached skill level 4 in Earth Magic
  8339 | D:7      | Reached skill level 4 in Poison Magic
  8457 | D:7      | Reached skill level 5 in Fighting
  8457 | D:7      | Reached skill level 5 in Short Blades
  8457 | D:7      | Reached skill level 5 in Long Blades
  8457 | D:7      | Reached skill level 5 in Axes
  8457 | D:7      | Reached skill level 5 in Maces & Flails
  8457 | D:7      | Reached skill level 5 in Polearms
  8457 | D:7      | Reached skill level 5 in Staves
  8457 | D:7      | Reached skill level 5 in Ranged Weapons
  8457 | D:7      | Reached skill level 5 in Throwing
  8457 | D:7      | Reached skill level 5 in Armour
  8457 | D:7      | Reached skill level 5 in Shields
  8457 | D:7      | Reached skill level 5 in Unarmed Combat
  8457 | D:7      | Reached skill level 5 in Evocations
  8462 | D:7      | Reached XP level 10. HP: 48/76 MP: 16/22
  8591 | D:7      | Reached ** piety under Ashenzari
  8630 | D:7      | Found a snail-covered altar of Cheibriados.
  8685 | D:7      | Reached skill level 7 in Dodging
  8922 | D:7      | Found a blossoming altar of Fedhas.
  9023 | D:7      | Found a stormy altar of Qazlal.
  9295 | D:7      | Learned a level 5 spell: Freezing Cloud
  9703 | D:8      | Found Cema's Antique Armour Boutique.
  9864 | D:8      | Found an ornate altar of the Wu Jian Council.
  9888 | D:8      | Reached skill level 6 in Invocations
  9892 | D:8      | Reached skill level 7 in Stealth
 10412 | D:8      | Noticed Erica
 10418 | D:8      | HP: 1/77 [Erica/+1 scimitar of flaming (10)]
 10418 | D:8      | Slain by Erica

Vanquished Creatures
  6 yaks (D:8)
  A wyvern (D:8)
  A steam dragon (D:6)
  Menkaure (D:4)
  An acid dragon (D:8)
  3 water moccasins
  An orc warrior (D:8)
  A black bear (D:6)
  3 ice beasts
  3 phantoms
  An elf zombie (Ossuary)
  A kobold brigand (D:8)
  5 necrophages
  5 bullfrogs
  Blork the orc (D:4)
  A gnoll sergeant (D:8)
  3 scorpions
  10 wights
  5 killer bees
  2 centaur zombies (Ossuary)
  2 hounds
  A human zombie (Ossuary)
  Crazy Yiuf (D:2)
  2 orc priests
  2 gnoll boudas
  A jelly (D:7)
  Ijyb (D:4)
  An iguana (D:6)
  10 orc wizards
  3 ogre zombies (Ossuary)
  7 mummies (Ossuary)
  10 adders
  20 gnolls
  A river rat (D:5)
  An ufetubus (D:4)
  5 adder zombies (Ossuary)
  2 worms
  7 dart slugs
  21 orcs
  13 ball pythons
  13 endoplasms
  14 giant cockroaches
  7 goblins
  13 hobgoblins
  2 jackals (D:1)
  19 quokkas
  11 bats
  8 frilled lizards
  3 goblin zombies (Ossuary)
  3 hobgoblin zombies (Ossuary)
  10 kobolds
  5 kobold zombies
  3 quokka zombies (Ossuary)
  9 rats
  6 rat zombies (Ossuary)
292 creatures vanquished.

Vanquished Creatures (others)
  3 fulminant prisms (D:7)
  4 fungi (D:8)
  6 plants (D:8)
13 creatures vanquished.

Grand Total: 305 creatures vanquished
